 Dungeon Crawl Stone Soup version 0.21-a0-72-gbbb65ab (webtiles) character file.

32 Ordine the Magician (level 3, 0/21 HPs)
             Began as an Octopode Wizard on June 20, 2017.
             Slain by a worm (12 damage)
             ... on level 2 of the Dungeon.
             The game lasted 00:02:17 (792 turns).

Ordine the Magician (Octopode Wizard)                Turns: 792, Time: 00:02:17

Health: 0/21       AC:  2    Str:  6    XL:     3   Next: 25%
Magic:  1/8        EV: 13    Int: 21    God:
Gold:   33         SH:  0    Dex: 10    Spells: 8/9 levels left

rFire    . . .     SeeInvis .   k - +0 spear
rCold    . . .     Gourm    .   (no shield)
rNeg     . . .     Faith    .   a - +1 hat
rPois    .         Spirit   .   (no amulet)
rElec    .         Reflect  .   (no ring)
rCorr    .         Harm     .   (no ring)
MR       .....                  (no ring)
Stlth    +++.......             (no ring)
HPRegen  0.07/turn              (no ring)
MPRegen  0.11/turn              (no ring)
                                (no ring)
                                (no ring)

@: no status effects
A: almost no armour, stealthy swim, amphibious, 8 rings, constrict 8, camouflage
1, gelatinous body 1
a: no special abilities


You were on level 2 of the Dungeon.
You were not hungry.

You visited 1 branch of the dungeon, and saw 2 of its levels.

You collected 33 gold pieces.

Inventory:

Hand Weapons
 k - a +0 spear (weapon)
Armour
 a - a +1 hat (worn)
Scrolls
 f - a scroll of enchant armour
 h - a scroll of fog
Potions
 e - a potion of berserk rage {unknown}
 g - a potion of curing {unknown}
 j - 2 potions of might {unknown}
Books
 b - a book of Minor Magic

   Spells                             Type                      Level
   a - Magic Dart                     Conjuration                  1
   b - Blink                          Translocation                2
   c - Call Imp                       Summoning                    2
   d - Slow                           Hexes                        2
   e - Conjure Flame                  Conjuration/Fire             3
   f - Mephitic Cloud                 Conjuration/Poison/Air       3
Comestibles
 c - a bread ration
 d - 2 fruits
 m - 5 chunks of flesh


   Skills:
 - Level 2.0 Dodging
 - Level 2.6 Stealth
 * Level 3.8 Spellcasting
 + Level 1.6 Conjurations
   Level 1.0 Summonings
   Level 1.0 Translocations


You had 8 spell levels left.
You knew the following spells:

 Your Spells              Type           Power        Failure   Level  Hunger
a - Magic Dart            Conj           ##..         6%          1    None


Dungeon Overview and Level Annotations

Branches:
Dungeon (2/15)

Altars:
Makhleb


Innate Abilities, Weirdness & Mutations

You cannot wear most types of armour.
You are very stealthy in the water. (Stealth+)
You are amphibious.
You can wear up to eight rings at the same time.
You can use your tentacles to constrict eight enemies at once.
Your skin changes colour to match your surroundings (Stealth+).
Your rubbery body absorbs attacks. (AC +1, EV +1)


Message History

The worm bites you!
You release your grip on the worm.
Attack whom?
Press: ? - help, Dir - move target cursor, f/p - worm
Aim: a worm (severely wounded)
You reach to attack!
You hit the worm.
The worm is severely wounded.
Attack whom?
Press: ? - help, Dir - move target cursor, f/p - worm
Aim: a worm (severely wounded)
You reach to attack!
You hit the worm.
The worm is almost dead.
You hit the worm but do no damage. You grab the worm.
The worm is severely wounded.
You constrict the worm. You hit the worm.
The worm is almost dead.
You constrict the worm. The worm bites you!
Ouch! That really hurt!
You die...

#. ......[ ###.
....... ...#
.......
...##..#.......
...............
#.# #.########
#w.#....<##
#@......).##
.._..............#
......#.)........#
......#..........#
..... #..........#
##.## #..........#
... ............#
## ...........##
...#.....##


You could see a worm.

Vanquished Creatures
  A gnoll (D:1)
  A dart slug (D:1)
  2 leopard geckos
  A bat (D:1)
  2 giant cockroaches (D:1)
  4 goblins (D:1)
  A hobgoblin (D:2)
  3 kobolds (D:1)
  2 rats (D:1)
17 creatures vanquished.

Notes
Turn   | Place    | Note
-------+----------+-------------------------------------------
     0 | D:1      | Ordine the Octopode Wizard began the quest for the Orb.
     0 | D:1      | Reached XP level 1. HP: 11/11 MP: 4/4
   213 | D:1      | Reached XP level 2. HP: 14/17 MP: 0/6
   394 | D:1      | Reached XP level 3. HP: 17/21 MP: 0/8
   773 | D:2      | Found a burning altar of Makhleb.
   792 | D:2      | Slain by a worm

Vault maps used:
D:1:      dpeg_arrival_houses_and_road
D:2:      old_standard_altar, first_bread

Action                   || total
-------------------------++-------
Melee: Unarmed           ||    12
       Constrict         ||     6
       Tentacles         ||     4
       Spear             ||    12
 Cast: Magic Dart        ||    54
  Use: Scroll            ||     4
Dodge: Dodged            ||    29
